 Dungeon Crawl Stone Soup version 0.31-a0-986-g5e6e4ef867 (webtiles) character file.

Game seed: 6684835082608308615

393 Maxmaps the Covert (level 6, -2/42 HPs)
             Began as an Octopode Delver on Nov 7, 2023.
             Frozen to death by an endoplasm (5 damage)
             ... on level 4 of the Dungeon.
             The game lasted 00:03:37 (2782 turns).

Maxmaps the Covert (Octopode Delver)                Turns: 2782, Time: 00:03:38

Health: -2/42      AC:  1    Str: 17    XL:     6   Next: 81%
Magic:  6/6        EV: 13    Int: 15    God:
Gold:   200        SH:  0    Dex:  8    Spells: 5/5 levels left

rFire   . .          .
                       - Unarmed
rCold   . . .        (no shield)
rNeg    + . .        (helmet restricted)
rPois   +            (no amulet)
rElec   .            r - ring "Leseuc" {rPois rN+ rCorr Str+6 Dex-5}
rCorr   +            (no ring)
SInv    .            (no ring)
Will    .....        (no ring)
Stlth   +++++        (no ring)
HPRegen 0.27/turn    (no ring)
MPRegen 0.10/turn    (no ring)
                     (no ring)

%: no passive effects
@: hasted, very quick
A: almost no armour, amphibious, 8 rings, camouflage 1, gelatinous body 1,
(nimble swimmer 1), tentacles
a: no special abilities


You were on level 4 of the Dungeon.
You visited 1 branch of the dungeon, and saw 5 of its levels.

You collected 200 gold pieces.

Inventory:

Missiles
 q - a throwing net
Jewellery
 r - the ring "Leseuc" (left tentacle) {rPois rN+ rCorr Str+6 Dex-5}
   (You acquired it on level 4 of the Dungeon)

   [ring of positive energy]

   Str+6:     It affects your strength (+6).
   Dex-5:     It affects your dexterity (-5).
   rPois:     It protects you from poison rN+: It protects you from negative
   energy.
   rCorr:     It protects you from acid and corrosion.
Wands
 e - a wand of digging (3)
 m - a wand of flame (21)
 n - a wand of mindburst (9)
Scrolls
 a - a scroll of fog
 b - a scroll of revelation
 c - 2 scrolls of fear
 f - 2 scrolls of teleportation
 g - 2 scrolls of poison
 o - a scroll of enchant armour
 p - a scroll of identify
Potions
 h - 3 potions of curing
 i - a potion of attraction {unknown}
 j - 2 potions of berserk rage {unknown}
 k - a potion of lignification {unknown}
 s - a potion of might {unknown}
 t - a potion of enlightenment {unknown}


   Skills:
 - Level 3.0 Fighting
 - Level 4.0 Dodging
 - Level 9.7 Stealth
 + Level 3.4 Unarmed Combat


You had 5 spell levels left.
You didn't know any spells.
Your spell library contained the following spells:

 Spells                   Type           Power      Damage    Failure   Level
 Freeze                   Ice            0%         1d3       26%         1
 Frozen Ramparts          Ice            0%         1d1       63%         3
 Hailstorm                Conj/Ice       0%         3d3       63%         3


Dungeon Overview and Level Annotations

Branches:
Dungeon (5/15)
 Temple: D:4-7

Altars:
Uskayaw
Wu Jian


Innate Abilities, Weirdness & Mutations

You cannot wear most types of armour.
You are amphibious.
You can wear up to eight rings at the same time.
Your skin changes colour to match your surroundings (Stealth+).
Your rubbery body absorbs attacks. (AC +1, EV +1)
((You are camouflaged when in or above water. (Stealth+)))
You have tentacles for arms and can constrict up to eight enemies at once.


Message History

The orc hits you with a +0 dagger.
* * * LOW HITPOINT WARNING * * *
The orc hits you from afar with a +0 trident!
* * * LOW HITPOINT WARNING * * *
The endoplasm freezes you.
You are frozen.
* * * LOW HITPOINT WARNING * * *
You feel much better.
The orc wizard gestures at you while chanting.
You are confused.
The endoplasm hits you. The orc hits you but does no damage.
The orc hits you from afar with a +0 trident.
You barely miss the orc wizard.
The orc wizard is heavily wounded.
The orc wizard closely misses you. The orc barely misses you.
The endoplasm barely misses you. The orc hits you with a +0 dagger.
You barely miss the orc.
The orc wizard hits you with a +0 dagger.
The orc hits you with a +0 dagger. The endoplasm freezes you.
You are frozen.
* * * LOW HITPOINT WARNING * * *
The orc misses you.
You bump into the rock wall.
The orc wizard barely misses you. The endoplasm closely misses you.
The orc barely misses you. The orc hits you with a +0 dagger.
* * * LOW HITPOINT WARNING * * *
Unknown command.
You feel better.
The orc wizard hits you with a +0 dagger.
The endoplasm hits you but does no damage.
The orc closely misses you. The orc hits you with a +0 dagger.
* * * LOW HITPOINT WARNING * * *
You feel yourself speed up.
The orc wizard gestures at you while chanting.
The magic dart hits you!
* * * LOW HITPOINT WARNING * * *
The endoplasm freezes you.
You are frozen.
You die...

............................
.........o##############..##
................# #....
......##........# #.#.#
.....##........#### #.#.#
.......)#........# ##+#.#
........#o.......# #....#
......$.#.J......# #....#
##....###@o......####.....
#.... #.o.............(.
#..o. #.................
#o... ########..........
.... #.......... #..........
#.......... #..........
#..........


You could see an orc wizard, 3 orcs and an endoplasm.

Vanquished Creatures
  A water moccasin (D:5)
  An ogre (D:4)
  A jelly (D:5)
  Terence (D:3)
  Natasha (twice) (D:3)
  2 adders (D:4)
  A worm (D:2)
  An orc (D:4)
  6 ball pythons
  4 endoplasms
  7 giant cockroaches
  8 goblins
  6 hobgoblins
  4 jackals (D:2)
  A quokka (D:3)
  7 bats
  2 frilled lizards (D:1)
  8 kobolds
  3 rats
66 creatures vanquished.

Notes
Turn   | Place    | Note
-------+----------+-------------------------------------------
     0 | D:5      | Maxmaps the Octopode Delver began the quest for the Orb.
     0 | D:5      | Reached XP level 1. HP: 16/16 MP: 1/1
    26 | D:5      | Noticed a jelly
    28 | D:5      | Killed a jelly
    29 | D:5      | Reached skill level 7 in Stealth
    29 | D:5      | Reached XP level 2. HP: 17/21 MP: 2/2
    29 | D:5      | Reached XP level 3. HP: 21/26 MP: 3/3
    51 | D:5      | Noticed a water moccasin
    58 | D:5      | Killed a water moccasin
    59 | D:5      | Reached skill level 9 in Stealth
    59 | D:5      | Reached XP level 4. HP: 5/31 MP: 4/4
    59 | D:5      | Reached XP level 5. HP: 6/36 MP: 5/5
   644 | D:1      | Found a faded altar of an unknown god.
  1701 | D:3      | Noticed Terence
  1715 | D:3      | HP: 1/36 [Terence/+4 mace (9)]
  1718 | D:3      | Killed Terence
  1983 | D:3      | Reached XP level 6. HP: 42/42 MP: 6/6
  2196 | D:3      | Noticed Natasha
  2202 | D:3      | Killed Natasha
  2287 | D:3      | Found a hide-covered altar of Uskayaw.
  2287 | D:3      | Found an ornate altar of the Wu Jian Council.
  2298 | D:3      | Noticed Natasha
  2325 | D:3      | Killed Natasha
  2636 | D:4      | Identified a scroll of acquirement
  2636 | D:4      | Acquired the ring "Leseuc" {rPois rN+ rCorr Str+6 Dex-5}
  2776 | D:4      | HP: 2/42 [frozen (3)]
  2782 | D:4      | Frozen to death by an endoplasm

Illustrated notes

Levels and vault maps discovered:
D:1:      dpeg_arrival_prison, layout_loops_cross, basic_ecumenical_altar,
          kennysheep_pointless_box, hex_medium, dreamdust_mushroom_princess,
          st_stairs_12, nrook_mini_vaults
D:2:      layout_basic, feat_on_display
D:3:      layout_loops_ring, mainiacjoe_overflow_divided_tiny,
          patterned_corridor, uniq_terence, uniq_natasha
D:4:      layout_basic, uniq_crazy_yiuf_cottage
D:5:      layout_loops_cross

Skill      XL: |  1  2  3  4  5  6 |
---------------+-------------------+-----
Stealth        | 7 9 |  9.7
Dodging        | 3 4 |  4.0
Unarmed Combat | 3 |  3.4
Fighting       | |  3.0

Action                     |  1- 3 |  4- 6 || total
---------------------------+-------+-------++-------
  Melee: Unarmed           |     9 |   151 ||   160
         Tentacles         |     2 |    35 ||    37
         Constrict         |     1 |    34 ||    35
         Punch             |       |     4 ||     4
    Use: Scroll            |       |    10 ||    10
         Potion            |       |     5 ||     5
   Stab: Distracted        |     1 |     1 ||     2
         Sleeping          |       |    24 ||    24
 Armour: Skin              |     5 |    81 ||    86
  Dodge: Dodged            |     4 |   114 ||   118

Table legend: (Time is in decaauts)
 A = Elapsed time spent in this place.
 B = Non-inter-level travel time spent in this place.
 C = Inter-level travel time spent in this place.
 D = Time resting spent in this place.
 E = Time spent auto-exploring this place.
 F = Levels seen in this place.
 G = Mean time per level.
                   A        B        C        D        E       F      G
               +--------+--------+--------+--------+--------+-----+--------+
         Total |   2775 |   2692 |     83 |    229 |   1946 |   5 |  555.0 |
       Dungeon |   2775 |   2692 |     83 |    229 |   1946 |   5 |  555.0 |
               +--------+--------+--------+--------+--------+-----+--------+

Top non-repeatable levels by time:
     D:3: 873 daAuts
     D:1: 797 daAuts
     D:2: 513 daAuts
     D:4: 317 daAuts
     D:5: 272 daAuts
